 Dungeon Sprint DCSS version 0.18.1-8-gdd0e5ea (webtiles) character file.

120 Moox the Grappler (level 4, -1/48 HPs)
             Began as a Troll Monk on June 4, 2016.
             Was a Believer of Pakellas.
             Slain by a hill giant
             ... wielding a +0 giant spiked club
              (12 damage)
             ... in the Dungeon (Sprint IX: "|||||||||||||||||||||||||||||").
             The game lasted 00:00:37 (122 turns).

Moox the Grappler (Troll Monk)                       Turns: 122, Time: 00:00:37

Health: -1/48      AC:  5    Str: 19    XL:     4   Next: 75%
Magic:  3/3        EV: 11    Int:  6    God:    Pakellas [**....]
Gold:   0          SH:  0    Dex: 13    Spells: 0 memorised, 3 levels left

rFire  . . .     SeeInvis .       - Unarmed
rCold  . . .     Gourm    +     a - +0 robe
rNeg   . . .     Faith    .     (no shield)
rPois  .         Spirit   .     (helmet restricted)
rElec  .         Dismiss  .     (no cloak)
rCorr  .         Reflect  .     (gloves unavailable)
SustAt .         Harm     .     (boots unavailable)
MR     .....     NoTele   +     (no amulet)
Stlth  ++........               (no ring)
                                (no ring)

@: not resistant to hostile enchantments, unstealthy
A: unfitting armour, claws 3, fast metabolism 3, gourmand, regeneration 2,
shaggy fur 1, tough skin 2
a: Quick Charge, Renounce Religion


You were in the Dungeon.
You worshipped Pakellas.
Pakellas was pleased with you.
You were very full.

You visited 1 branch

Inventory:

Armour
 a - a +0 robe (worn)
Jewellery
 n - a +3 ring of dexterity
 o - a +2 ring of evasion
Wands
 m - a wand of iceblast (7/15)
Scrolls
 h - 2 scrolls of blinking
 k - 3 scrolls of remove curse
 l - 2 scrolls of amnesia
Potions
 c - 5 potions of curing
 d - 3 potions of heal wounds
 e - a potion of haste
 f - 4 potions of magic
 g - a potion of berserk rage
 j - a potion of invisibility
Comestibles
 b - 2 bread rations
 i - 5 chunks of flesh


   Skills:
 + Level 3.6 Fighting
 + Level 3.8 Dodging
 + Level 1.2 Stealth
 + Level 9.0 Unarmed Combat


You had 3 spell levels left.
You didn't know any spells.

Dungeon Overview and Level Annotations

Branches:
Dungeon (1/1)

Altars:
Cheibriados
Dithmenos
Elyvilon
Fedhas
Gozag
Kikubaaqudgha
Makhleb
Nemelex Xobeh
Okawaru
Pakellas
Qazlal
Ru
Sif Muna
Trog
Vehumet
Xom
Yredelemnul
Zin
The Shining One
Beogh
Jiyva
Lugonu


Innate Abilities, Weirdness & Mutations

You are too large for most types of armour.
You have claws for hands.
Your metabolism is lightning-fast.
You like to eat raw meat.
You heal very quickly.
You are covered in fur (AC +1).
You have very tough skin (AC +2).


Message History

You barely miss the hound.
The hound is moderately wounded.
The hound closely misses you.
You scratch the hill giant.
The hill giant is lightly wounded.
You scratch the hill giant.
The hill giant is lightly wounded.
The orc wizard gestures wildly while chanting.
The orc wizard flickers and vanishes!
Deactivating autopickup; reactivate with Ctrl-A.
The hill giant hits you with a giant spiked club!!
Ouch! That really hurt!
* * * LOW HITPOINT WARNING * * *
You claw the hill giant!
The hill giant is moderately wounded.
You barely miss the hill giant.
The hill giant is moderately wounded.
The hill giant hits you with a giant spiked club!
You die...
Pakellas says: Good help is so hard to find these days!

▓.▓
▓{▓
▓C▓
▓s▓
▓H▓
▓h▓
▓C▓
▓@▓
▓.▓
▓[▓
▓[▓
▓[▓
▓)▓
▓|▓
▓.▓
▓.▓


You could see 2 hill giants, a hippogriff, a scorpion and a hound.

Vanquished Creatures
  2 jellies (D)
  An iguana (D)
  A worker ant (D)
  A dart slug (D)
  A giant gecko (D)
  A bat skeleton (D)
  A goblin (D)
  2 hobgoblins (D)
10 creatures vanquished.

Notes
Turn   | Place    | Note
--------------------------------------------------------------
     0 | D        | Moox the Troll Monk began the quest for the Orb.
     0 | D        | Reached XP level 1. HP: 22/22 MP: 0/0
    13 | D        | Reached skill level 5 in Unarmed Combat
    15 | D        | Reached XP level 2. HP: 28/29 MP: 1/1
    52 | D        | Reached skill level 6 in Unarmed Combat
    52 | D        | Reached XP level 3. HP: 31/37 MP: 2/2
    56 | D        | Reached skill level 7 in Unarmed Combat
    59 | D        | Reached skill level 8 in Unarmed Combat
    59 | D        | Reached XP level 4. HP: 39/45 MP: 3/3
    60 | D        | Reached skill level 9 in Unarmed Combat
    73 | D        | Found a glowing silver altar of Zin.
    73 | D        | Found a glowing golden altar of the Shining One.
    73 | D        | Found an ancient bone altar of Kikubaaqudgha.
    73 | D        | Found a basalt altar of Yredelemnul.
    73 | D        | Found a shimmering altar of Xom.
    73 | D        | Found a radiant altar of Vehumet.
    74 | D        | Found an iron altar of Okawaru.
    75 | D        | Found a burning altar of Makhleb.
    76 | D        | Found a deep blue altar of Sif Muna.
    77 | D        | Found a bloodstained altar of Trog.
    78 | D        | Found a sparkling altar of Nemelex Xobeh.
    79 | D        | Found a white marble altar of Elyvilon.
    80 | D        | Found a roughly hewn altar of Beogh.
    81 | D        | Found a viscous altar of Jiyva.
    82 | D        | Found a corrupted altar of Lugonu.
    83 | D        | Found a blossoming altar of Fedhas.
    84 | D        | Found a snail-covered altar of Cheibriados.
    85 | D        | Found a shadowy altar of Dithmenos.
    86 | D        | Found a stormy altar of Qazlal.
    87 | D        | Found an opulent altar of Gozag.
    88 | D        | Found a sacrificial altar of Ru.
    89 | D        | Found an oddly glowing altar of Pakellas.
    97 | D        | Became a worshipper of Pakellas the Inventive
    97 | D        | Reached * piety under Pakellas
    97 | D        | Received a gift from Pakellas
    97 | D        | Reached ** piety under Pakellas
    97 | D        | Received a gift from Pakellas
   114 | D        | Noticed a hill giant
   114 | D        | Noticed a hippogriff
   114 | D        | Noticed a hill giant
   122 | D        | Slain by a hill giant

Skill      XL: |  1  2  3  4 |
---------------+-------------+-----
Unarmed Combat | 5 6 8 9 |  9.0
Fighting       | 3 |  3.6
Dodging        | 3 |  3.8
Stealth        | |  1.2

Action                   |  1- 3 |  4- 6 || total
-------------------------+-------+-------++-------
Melee: Unarmed           |    18 |     9 ||    27
       Punch             |     1 |       ||     1
  Eat: Chunk             |     6 |       ||     6
Armor: Robe              |     5 |     1 ||     6
Dodge: Dodged            |     6 |     2 ||     8
